Map: Ultralove

Players

键盘超人 - Winner!

  • Race: Protoss Protoss
  • League: Master
  • Spawn Location: 7:00

A.I.(簡單)

  • Race: Terran Terran
  • Spawn Location: 1:00

VOD

Have the link to the VOD?

Description

Time

  • Played on: July 4, 2025, 6:47 a.m.
  • Length: 10:26
Show
View Real Time Build Order
Export as new Build Order

键盘超人 Protoss - Winner!

Build Orders: 1 Gate Expand, Oracle Opening, Zealot Archon, Colossus Rush 

Get SALT Encoding   

  12  0:00  Probe  
  13  0:12  Probe  
  14  0:17  Pylon  
  14  0:24  Probe  
  15  0:32  Probe  
  15  0:36  Gateway  
  15  0:40  Probe  
  16  0:48  Assimilator  
  17  0:51  Probe  
  18  1:03  Probe  
  19  1:15  Probe  
  20  1:24  Cybernetics Core  
  20  1:32  Nexus  
  20  1:35  Probe  
  21  1:43  Pylon  
  21  1:49  Probe  
  21  1:51  Assimilator, Adept  
  22  2:01  Probe  
  25  2:13  Probe  
  26  2:20  Stargate  
  26  2:25  Probe  
  26  2:29  Warp Gate  
  27  2:33  Adept  
  29  2:37  Probe  
  30  2:47  Probe  
  30  2:48  Probe  
  32  2:54  Oracle  
  32  2:56  Probe  
  32  2:59  Probe  
  32  3:04  Probe  
  37  3:11  Gateway  
  37  3:12  Probe  
  39  3:16  Probe  
  40  3:20  Adept  
  40  3:24  Probe  
  43  3:28  Probe  
  44  3:36  Probe  
  44  3:37  Robotics Facility  
  44  3:38  Gateway  
  44  3:40  Probe  
  46  3:41  Assimilator  
  46  3:43  Assimilator  
  46  3:46  Pylon  
  46  3:52  Pylon  
  46  3:59  Pylon  
  46  4:04  Probe x2, Pylon  
  48  4:14  Probe  
  48  4:16  Probe  
  50  4:22  Probe  
  50  4:26  Observer, Robotics Bay  
  50  4:28  Probe  
  50  4:30  Probe  
  53  4:37  Nexus  
  53  4:38  Pylon  
  54  4:40  Probe  
  54  4:43  Probe  
  56  4:47  Sentry  
  56  4:49  Observer  
  59  4:53  Probe x2  
  59  4:59  Shield Battery  
  61  5:01  Probe  
  61  5:05  Probe  
  63  5:09  Probe, Colossus  
  63  5:13  Extended Thermal Lance  
  64  5:17  Gateway x2, Probe  
  72  5:21  Probe  
  72  5:29  Probe, Sentry x2  
  72  5:33  Probe, Pylon  
  78  5:37  Gateway  
  78  5:41  Probe  
  79  5:45  Probe  
  80  5:53  Colossus  
  80  5:55  Probe x2  
  82  5:59  Gateway  
  82  6:00  Gateway  
  88  6:07  Gateway  
  88  6:10  Probe  
  89  6:23  Forge  
  89  6:25  Forge  
  89  6:27  Twilight Council  
  89  6:28  Probe, Forge, Pylon  
  89  6:30  Protoss Ground Weapons Level 1  
  90  6:38  Protoss Ground Armor Level 1  
  90  6:41  Colossus  
  90  6:45  Probe  
  91  6:47  Nexus  
  91  6:48  Pylon  
  97  6:57  Protoss Shields Level 1, Zealot x4  
  97  7:00  Charge  
  105  7:03  Probe x2  
  107  7:12  Templar Archives  
  107  7:15  Shield Battery  
  107  7:17  Pylon  
  107  7:21  Zealot  
  107  7:22  Zealot x4  
  117  7:30  Probe x2  
  117  7:31  Probe  
  117  7:35  Pylon  
  117  7:36  Pylon  
  120  7:38  Pylon  
  120  7:42  Probe  
  121  7:47  Probe  
  121  7:49  High Templar x2, Zealot x2  
  121  7:50  Zealot  
  132  7:53  Archon  
  132  7:54  Zealot x3  
  132  7:56  Gateway  
  138  7:59  Gateway  
  138  8:05  Probe  
  138  8:06  Probe x3  
  142  8:17  Probe  
  143  8:32  High Templar x4  
  143  8:33  Zealot x4  
  161  8:39  Archon x2, Assimilator  
  159  8:44  Assimilator  
  159  8:51  Photon Cannon  
  159  8:53  Photon Cannon  
  159  8:54  Photon Cannon, Assimilator  
  159  8:56  Zealot x6  
  159  8:58  Assimilator  
  171  9:02  Pylon  
  171  9:18  Nexus  
  171  9:19  Pylon  
  171  9:20  Warp Prism  
  171  9:21  High Templar x2  
  171  9:22  Pylon, Zealot  
  179  9:27  Archon  
  179  9:39  Zealot  
  179  9:40  Zealot x3  
  179  9:44  Photon Cannon x2  
  187  9:46  Shield Battery  
  187  9:52  Zealot x2  
  189  9:53  Zealot x2  
  195  10:19  Pylon  
Show
View Real Time Build Order
Export as new Build Order

A.I.(簡單) Terran 

Build Orders:  

Get SALT Encoding   

  12  0:00  SCV  
  13  0:13  SCV  
  14  0:18  Supply Depot  
  14  0:25  SCV  
  15  0:40  SCV  
  15  0:42  Barracks  
  16  0:45  Refinery  
  16  1:09  Supply Depot  
  16  1:20  Refinery  
  16  1:29  Marine  
  16  1:31  Orbital Command  
  17  1:52  Marine  
  18  2:11  Barracks Tech Lab  
  18  2:14  SCV  
  18  2:15  Supply Depot  
  19  2:26  SCV  
  20  2:30  Marine  
  21  2:38  SCV  
  22  2:50  SCV  
  23  2:53  Marine  
  24  3:03  SCV  
  25  3:15  SCV  
  25  3:17  Marauder  
  30  3:41  Marauder  
  30  4:05  Marauder  
  32  6:50  Reaper  
  32  6:51  SCV  
  32  6:53  Supply Depot  
  34  6:57  Command Center  
  34  7:17  Factory  
  34  7:20  Supply Depot  
  34  7:22  Marine  
  25  7:40  Marine  
  26  7:58  Marine  
  27  8:03  Starport  
  27  8:10  SCV  
  28  8:14  SCV  
  28  8:16  Marine, Refinery  
  28  8:18  Refinery  
  30  8:22  SCV  
  30  8:27  SCV  
  32  8:33  Marine  
  33  8:34  SCV  
  33  8:39  SCV  
  35  8:41  Starport Tech Lab  
  35  8:46  SCV  
  36  8:51  SCV  
  36  8:52  Marauder  
  39  8:58  SCV  
  39  9:02  Raven  
  42  9:03  SCV  
  43  9:10  SCV  
  43  9:13  Marine  
  43  9:15  SCV  
  46  9:22  SCV  
  47  9:27  SCV  
  50  9:31  Marauder  
  50  9:35  SCV  
  50  9:36  Raven  
  53  9:39  SCV  
  54  9:47  SCV  
  54  9:51  SCV  
  54  9:52  Marine  
  48  9:55  Supply Depot  
  48  9:59  SCV  
  38  10:01  Hellion  
  27  10:11  SCV  
Tags
 
Add a new tag
Caveats
  • Supply blocks, unpowered buildings, or Contaminate may cause inaccurate times.
  • Supply counts are checked every 10 seconds.